[Event "61st Mongolian-ch Open 2023"]
[Site "Khovd"]
[Date "2023.05.24"]
[Round "6.5"]
[White "Enkhnar, Enkhbaatar"]
[Black "Munkhgal, Gombosuren"]
[Result "0-1"]
[ECO "A13"]
[WhiteElo "2360"]
[BlackElo "2463"]
[Annotator "TA"]
[PlyCount "74"]
[EventDate "2023.05.22"]
[EventType "tourn"]
[EventCountry "MGL"]
[SourceTitle "playchess.com"]
[Source "ChessBase"]
[SourceQuality "1"]
[TimeControl "40/5400+30:1800+30"]

1. Nf3 d5 2. g3 Nf6 3. Bg2 e6 4. O-O Be7 5. c4 dxc4 6. Qa4+ Nbd7 7. Qxc4 a6 {[%emt 0:00:05] A13: English Opening: 1...e6.} 8. Qc2 Rb8 (8... Ra7 $11 {might be stronger.}) 9. d4 O-O {[%emt 0:00:53] White is slightly better.} 10. Rd1 b5 11. Ne5 $1 Bb7 12. Nc6 Bxc6 13. Bxc6 {[%emt 0:00:05] [#]} Nd5 $146 ({Predecessor:} 13... Nb6 14. a3 Nc4 15. b3 Na5 16. Bf3 c6 17. Bb2 Rc8 18. Nc3 Qb6 19. e3 Nb7 {1-0 Wojtaszek,R (2682)-Efremov,V (2120) EU-ch 23rd Vrnjacka Banja 2023 (4)}) 14. Bxd5 ({Better is} 14. Bd2 $16) 14... exd5 $11 15. Bf4 Bd6 (15... Rc8 $1 $11) 16. Bxd6 cxd6 17. Qc6 Nf6 18. Qxa6 Re8 19. e3 Qd7 {[%emt 0:00:20] Threatens to win with ...Ra8.} 20. Qa3 Qh3 21. Nd2 $1 Ng4 {[%emt 0:02:54] [#]} 22. Nf1 (22. Qxd6 $2 {gets mated.} Qxh2+ 23. Kf1 Qxf2#) 22... Re6 {[%emt 0:02:01][%cal Og4h2] ...Nxh2! would be deadly.} 23. Rd2 h5 24. Qb3 Nf6 25. a4 Ne4 26. Rc2 {[%emt 0:05:18] Hoping for f3.} Qf5 27. a5 (27. f4 $1 $14) 27... Ng5 28. Nd2 (28. f4 $5 Nh3+ 29. Kg2 $11) 28... Nh3+ 29. Kg2 Qxf2+ 30. Kxh3 g5 $40 {[%emt 0:01:31][%cal Bg7g5,Bg5g4][%mdl 160] Black is up to no good.} 31. Rf1 $2 (31. Qxd5 $2 {loses.} g4+ 32. Kh4 Qxh2+ 33. Kg5 Rg6+ 34. Kf4 Qf2+ 35. Nf3 Qxc2 $19) (31. Ne4 $11 Qf5+ 32. Kg2 Qxe4+ 33. Kg1) 31... g4+ $19 32. Kh4 Qxh2+ 33. Kg5 Qxg3 34. Ne4 {[%emt 0:09:14] [#]} Rg6+ $1 ({Weaker is} 34... Rxe4 35. Rxf7 Kh8 36. Rf6 Rg8+ 37. Rg6 $11) 35. Kf5 Qh3 {[%emt 0:01:02] ( -> ...g3+)} 36. Ng3 Qh4 37. Ne4 {[%emt 0:00:10] Wards off Qg5+} g3 {[%emt 0:00:51] Excellently played by Munkhgal!   Weighted Error Value: White=0.50/Black=0.11 (very precise)} 0-1

[Event "61st Mongolian-ch Open 2023"]
[Site "Khovd"]
[Date "2023.05.24"]
[Round "6.6"]
[White "Bilguun, Sumiya"]
[Black "Munkhzul, Turmunkh"]
[Result "1-0"]
[ECO "B25"]
[WhiteElo "2474"]
[BlackElo "2318"]
[Annotator "TA"]
[PlyCount "115"]
[EventDate "2023.05.22"]
[EventType "tourn"]
[EventCountry "MGL"]
[SourceTitle "playchess.com"]
[Source "ChessBase"]
[SourceQuality "1"]
[TimeControl "40/5400+30:1800+30"]

1. e4 c5 2. Nc3 a6 3. g3 Nc6 4. Bg2 Nf6 5. d3 d6 6. f4 g6 7. h3 Bg7 8. Nf3 O-O 9. O-O b5 {[%emt 0:06:25][%cal Bb7b5,Bb5b4][%mdl 32] outshines the older 9...Rb8. B25: Closed Sicilian: 3 g3, lines without early Be3.} 10. g4 b4 11. Ne2 Bb7 {[%emt 0:01:45] The position is equal.} 12. Ng3 Qc7 {[%emt 0:01:49] [#]} 13. g5 $146 ({Predecessor:} 13. c3 a5 14. Be3 Nd7 15. Qd2 Ba6 16. h4 Rab8 17. h5 bxc3 18. bxc3 a4 19. hxg6 fxg6 {0-1 Pimenov,V (1828)-Zhukov,V (2141) Kostroma Volga Cup op 2010 (8)}) 13... Nd7 14. Kh1 Nd4 15. Nxd4 cxd4 16. Bd2 a5 17. h4 Nc5 18. b3 Rfc8 19. h5 Nd7 20. Rc1 e6 (20... Ra6 $14) 21. Qe2 ({White should try} 21. Qg4 $16) 21... Qd8 22. f5 {[%emt 0:04:24][%cal Bf4f5,Bf5f6][%mdl 32] Black must now prevent Qf2.} Ne5 {[%emt 0:04:49] [#] White stays focused until the end.} ({Better is} 22... Rc5 $14) 23. hxg6 $1 $16 fxg6 ({Not} 23... hxg6 24. Qf2 $14) 24. f6 ({Of course not} 24. fxe6 $6 Qe7 $11) 24... Bf8 25. Qf2 Nf7 26. Qxd4 Rc5 27. Qf2 $36 {[%emt 0:01:54][%mdl 2048] White is on the roll. White is more active.} a4 28. Be3 Rb5 (28... Rca5 $16 29. Bb6 Qb8) 29. Ne2 $18 e5 (29... Rxg5 $16 30. Bxg5 Nxg5) 30. c4 Rba5 31. Bb6 Qd7 32. Bxa5 Rxa5 33. Qg3 Bc8 34. Ng1 axb3 35. axb3 Ra3 36. Rb1 Qa7 37. Bh3 Bxh3 38. Nxh3 ({Much less strong is} 38. Qxh3 Nxg5 39. Qg4 Nf7 $18) 38... Qd4 39. Rf2 {[%emt 0:03:49][%cal Bf1f2,Bf2b2,Bb2h2][%mdl 32] Inhibits Ra2.} Qc3 40. Rfb2 Nd8 41. Ng1 Qd4 42. Rh2 Qa7 43. Qg4 {[%emt 0:13:09] Prevents Ne6.} Qf7 44. Nf3 Ne6 45. Ne1 h5 46. gxh6 Qxf6 47. Nf3 Nf4 48. Ng5 {[%emt 0:08:20][%cal Og4d7] Qd7! would kill now.} Kh8 (48... Ra8 {was necessary.} 49. Rg1 Be7) 49. h7 {[%emt 0:05:07][%cal Og4d7] Qd7! is the strong threat.} Nh5 $2 (49... Ra8 50. Rf1 Be7) 50. Rg1 {[%emt 0:05:12] Threatening mate with Rxh5.} Bg7 51. Qc8+ Bf8 52. Qe6 Qxe6 53. Nxe6 {[%emt 0:00:18][%mdl 64] [#] Discovered Attack} Bh6 54. Rxg6 {[%emt 0:00:39] White mates.} Ra1+ 55. Rg1 Rxg1+ 56. Kxg1 Be3+ 57. Kg2 Nf6 58. Nf8 {[%emt 0:00:12] Weighted Error Value: White=0.19 (very precise) /Black=0.30} 1-0

[Event "61st Mongolian-ch Open 2023"]
[Site "Khovd"]
[Date "2023.05.26"]
[Round "7.1"]
[White "Ulziikhishig Khishigbat"]
[Black "Enkhnar, Enkhbaatar"]
[Result "0-1"]
[ECO "A83"]
[WhiteElo "1601"]
[BlackElo "2360"]
[Annotator "TA"]
[PlyCount "102"]
[EventDate "2023.05.22"]
[EventType "tourn"]
[EventCountry "MGL"]
[SourceTitle "playchess.com"]
[Source "ChessBase"]
[SourceQuality "1"]
[TimeControl "40/5400+30:1800+30"]

1. d4 f5 2. e4 fxe4 3. Nc3 Nf6 4. Bg5 c6 5. Bxf6 exf6 6. Nxe4 d5 7. Ng3 Qe7+ {[%emt 0:00:34] A83: Dutch Defence: Staunton Gambit with 3 Nc3 Nf6 4 Bg5.} 8. Qe2 Kf7 (8... Qxe2+ {simplifies} 9. Bxe2 g6 10. h4 h5) 9. O-O-O Qxe2 {[%emt 0:00:08] Black is slightly better.} 10. Bxe2 g6 11. h4 h5 12. Bd3 {[%emt 0:00:16] [#]} Bd6 $146 ({Predecessor:} 12... Bh6+ 13. Kb1 Nd7 14. Rf1 Kg7 15. N3e2 Nb6 16. b3 Re8 17. Nh3 Nd7 18. Nef4 Nf8 {0-1 Zulfic,F (2160)-Zhao,Z (2529) Gold Coast op 2019 (4)}) 13. N3e2 Na6 14. a3 {[%emt 0:02:17] Prevents Nb4.} Nc7 15. Nh3 Bg4 16. f3 Bf5 17. Bxf5 gxf5 18. Nef4 (18. g3 $11) 18... Ne6 $17 19. Nxe6 Kxe6 20. Rde1+ Kf7 21. Re2 Bg3 22. Nf2 (22. Kd1 $142) 22... Rae8 23. Rd2 Bf4 24. Nd3 Be3 25. c3 Rhg8 $1 $19 (25... Bxd2+ 26. Kxd2 Ke7 27. g3 $17) 26. Rh2 b6 ({And not} 26... Bxd2+ 27. Kxd2 Rg7 28. Nf4 $17) 27. Kd1 c5 28. dxc5 (28. Rc2 $17 {was called for.}) 28... bxc5 {[%emt 0:01:19] Hoping for ...c4.} ({Inferior is} 28... Bxd2 29. Kxd2 bxc5 30. Nxc5 $17) 29. Rc2 c4 30. Nc1 Bf4 31. Rh1 Re3 {[%emt 0:01:20] Black is much more active.} 32. Rf2 Rge8 ({Black should try} 32... Re5 33. b4 a5 34. bxa5 d4 35. cxd4 Rxa5) 33. Re2 Rb8 34. Rhe1 Rxe2 (34... Re5 $142 35. a4 a5) 35. Rxe2 $17 {[%emt 0:00:11][%mdl 4096] Endgame KRB-KRN} a5 36. Kc2 Rg8 37. b4 axb4 38. axb4 Bg3 39. Rd2 (39. Kd2 $1 $15) 39... Bxh4 40. b5 {[%emt 0:00:00] [#]} (40. Kd1 $17 {is a better defense.}) 40... Be1 (40... Bg5 $1 $19 41. Re2 (41. Rxd5 $2 {perishes.} Be3 $19) 41... Rb8) 41. Re2 (41. Rxd5 $17 Rxg2+ 42. Kd1 Bxc3 43. Ne2) 41... Bg3 $19 42. Na2 (42. b6 $17) 42... Bd6 43. Rd2 Bc5 44. Rxd5 $2 (44. Kb2) 44... Rxg2+ 45. Kb1 Be3 {[%emt 0:01:31] ...h4 is the strong threat.} 46. Rxf5 {[%emt 0:01:43] [#]} (46. Rd7+ $19 Kg6 47. Rd8) 46... Kg6 47. Rd5 h4 48. Rd8 h3 {[%emt 0:00:11] ( -> ...h2)} 49. Rh8 h2 (49... Bh6 $142 50. Nc1 h2 51. Rg8+ Bg7 52. f4 h1=Q 53. f5+ Kh6 54. Ra8 Rg1 55. Kb2 Qxa8 56. b6 Rg2+ 57. Kb1 Qa3 58. Ne2 Rxe2 59. b7 Qb2#) 50. Nb4 Bh6 51. Rg8+ Bg7 {[%emt 0:00:04] Weighted Error Value: White=0.71/Black=0.22 (precise)} 0-1

[Event "61st Mongolian-ch Open 2023"]
[Site "Khovd"]
[Date "2023.05.26"]
[Round "7.2"]
[White "Bulgankhan Ganzorig"]
[Black "Amartuvshin, Ganzorig"]
[Result "1-0"]
[ECO "E14"]
[WhiteElo "2017"]
[BlackElo "2407"]
[Annotator "TA"]
[PlyCount "71"]
[EventDate "2023.05.22"]
[EventType "tourn"]
[EventCountry "MGL"]
[SourceTitle "playchess.com"]
[Source "ChessBase"]
[SourceQuality "1"]
[TimeControl "40/5400+30:1800+30"]

1. Nf3 Nf6 2. c4 e6 3. e3 d5 4. b3 Bd6 5. Bb2 O-O 6. d4 b6 7. Bd3 Bb7 8. O-O Nbd7 9. Nbd2 Qe7 10. Ne5 c5 11. cxd5 {[%emt 0:02:15] E14: Queen's Indian: Classical Variation (4 e3).} exd5 12. Nxd7 Nxd7 (12... Qxd7 13. dxc5 Be7 14. b4 $16) 13. Qh5 {[%emt 0:01:01][%csl Gd3][%cal Rh5h7] The position is equal.} g6 14. Qh6 cxd4 15. Bxd4 Be5 {[%emt 0:00:05] Dodges Qg7+} 16. Nf3 $40 {[%emt 0:00:09][%mdl 128] White has some attack.} Bxd4 17. exd4 {[%emt 0:00:08] Strongly threatening Ng5.} (17. Nxd4 Nc5 18. Be2 Ne6 $11) 17... Rfc8 {[%emt 0:01:32] [#]} (17... Nf6 $14) 18. Rfe1 $146 ({Much weaker is} 18. Ng5 $6 Nf6 $14) ({White should try} 18. Rae1 $16 Qd6 19. Re3 (19. Ng5 Nf6 $14) (19. Bf5 Rc7 $11)) ({Predecessor:} 18. Rae1 Qf6 19. Re3 Nf8 20. Ne5 Qg7 21. Qh4 Rc7 22. Rfe1 Kh8 23. h3 {1-0 Akesson,R (2392)-Sorensen,H (2176) Deltalift op 2018 (5)}) 18... Qd6 $14 19. h4 Nf6 20. Ne5 Rc7 21. Re3 Qf8 (21... Qb4 $11) 22. Qg5 {[%emt 0:01:28] White has more active pieces.} Nh5 {[%emt 0:02:26] And now ...f6 would win.} 23. Rf3 f6 {[%emt 0:19:24] [#]} (23... Qb4 $14 24. Ng4 Re8) 24. Qd2 $1 $16 {[%emt 0:04:54][%cal Oe5g6] Threatens to win with Nxg6!} Qg7 {[%emt 0:05:57] [#]} (24... Rg7 $16) 25. Ng4 ({Better is} 25. Nxg6 $1 $18 {[%cal Og2g4] Hoping for g4!} hxg6 26. g4) 25... Kh8 26. Re1 (26. Rc1 $16) 26... f5 {[%emt 0:00:49] [#]} 27. Rfe3 $1 {[%emt 0:02:06] Black must now prevent Re8+.} Rf8 {[%emt 0:00:09] Against Re8} (27... Rg8 28. Ne5) 28. Ne5 Nf6 29. Rg3 {[%emt 0:01:14] Bxf5 is the strong threat.} Kg8 $2 {[%emt 0:03:28][%mdl 8192] Loses the game.} (29... Bc8 $16) 30. Bxf5 $18 {[%emt 0:00:21][%cal Bd3f5,Bf5e6,Be6f7][%mdl 96] Pin} Nh5 31. Be6+ Kh8 32. Rf3 Nf6 33. Qb4 (33. Qf4 $142) 33... Re8 $2 {[%emt 0:02:07] [#]} (33... Qe7 34. Qxe7 Rxe7) 34. Nf7+ $1 {[%emt 0:01:41][%mdl 512] White is clearly winning.} Rxf7 35. Bxf7 {[%emt 0:00:05][%mdl 64] Discovered Attack} Re4 36. Rxe4 {[%emt 0:00:17] Weighted Error Value: White=0.21 (precise) /Black=0.48} 1-0

[Event "61st Mongolian-ch Open 2023"]
[Site "Khovd"]
[Date "2023.05.26"]
[Round "7.3"]
[White "Amilal Munkhdalai"]
[Black "Gan-Erdene, Sugar"]
[Result "1/2-1/2"]
[ECO "B30"]
[WhiteElo "2141"]
[BlackElo "2420"]
[Annotator "TA"]
[PlyCount "144"]
[EventDate "2023.05.22"]
[EventType "tourn"]
[EventCountry "MGL"]
[SourceTitle "playchess.com"]
[Source "ChessBase"]
[SourceQuality "1"]
[TimeControl "40/5400+30:1800+30"]

1. e4 c5 2. Nf3 Nc6 3. Bb5 Nf6 4. Bxc6 dxc6 5. Nc3 Bg4 6. h3 {[%emt 0:00:22] B30: Sicilian: 2...Nc6 3 Bb5, lines without ...g6.} Bxf3 7. Qxf3 Nd7 {[%emt 0:00:13] [#]} 8. O-O $146 {[%emt 0:06:16] White is slightly better.} ({Predecessor:} 8. d3 g6 9. Qe2 Bg7 10. f4 Bd4 11. e5 Bxc3+ 12. bxc3 Qa5 13. Bd2 c4 14. e6 fxe6 15. Qxe6 cxd3 16. cxd3 {½-½ Migot,T (2397)-Le Corre,B (2303) Nancy Meurthe-B 2016 (6)}) 8... g6 9. b3 Bg7 10. Bb2 Nf8 11. Rfd1 e5 12. Ne2 Ne6 13. d3 O-O 14. Ng3 Qe7 15. a4 a5 16. Re1 Rad8 17. Bc3 b6 18. Nf1 Nd4 19. Qd1 Kh8 20. Rb1 Ne6 21. Nd2 Qc7 22. Nc4 Rde8 23. Ra1 Kg8 24. Qc1 Nf4 25. Re3 Re6 26. Qf1 Nh5 (26... Nd5 $5 27. exd5 cxd5 $11) 27. g3 Bh6 (27... f5 $11) 28. Re2 $14 Rfe8 29. Qg2 Ng7 30. Qf3 Qd8 31. h4 Nh5 32. Kg2 Nf6 33. Ree1 Bg7 34. Bd2 h6 35. Rh1 Qc7 36. Ne3 {[%emt 0:01:34][%cal Oh4h5] White is much more active.} h5 37. Qe2 Bh6 38. Rhf1 Qd8 39. Rae1 Nh7 40. Qf3 Rf8 41. Bc3 Rfe8 42. Bd2 (42. Qe2 $16) 42... Nf8 (42... Rf8 $1 $11) 43. Bc3 Nh7 $1 44. Bd2 (44. Nc4 $16) 44... Qd4 (44... Nf8 $11) 45. Qe2 (45. Qd1 $16) 45... Bxe3 (45... Qd8 $1 $11) 46. Bxe3 Qd7 47. Bd2 Rd6 48. Bc3 Nf6 49. Qe3 Ng4 50. Qg5 Kh7 51. Qc1 Rde6 52. Re2 Kg8 53. Qg5 Qe7 (53... Kh7 $14) 54. f3 (54. Qxe7 {simplifies} R8xe7 55. f3 Nf6 56. Ref2) 54... Nf6 55. Ref2 (55. Qh6 {is interesting.} Rd6 56. g4 Nh7 57. Bd2) 55... Nh7 56. Qxe7 R6xe7 57. f4 (57. g4 $16) 57... exf4 ({Black should try} 57... Nf6 $1 $14) 58. Rxf4 Nf8 59. Rf6 Rc8 {[%emt 0:00:25] [#]} (59... Ne6 $16 {was necessary.}) 60. g4 $1 $18 hxg4 61. Kg3 (61. R6f4 $6 Ne6 62. Rxg4 Ng7 $16) 61... Ne6 (61... c4 $16) 62. h5 $1 ({Don't play} 62. Kxg4 $6 Ng7 $14) 62... Ng7 $2 (62... gxh5 {is a better defense.} 63. R1f5 Nd4) 63. h6 ({Not} 63. Kxg4 Nxh5 64. Rd6 Rec7 $11) 63... Nh5+ 64. Kxg4 {[%emt 0:00:08][%cal Oh6h7] aiming for h7+!} Rcc7 (64... Nxf6+ $2 65. Bxf6 $18) 65. Rd6 {[%emt 0:02:08] White threatens Rd8+ and mate.} Red7 $2 {[%emt 0:01:44] Wards off Rd8+} (65... Rc8 66. Bf6 Rb7 67. Rd8+ Rxd8 68. Bxd8 Kh7) 66. e5 ({Less strong is} 66. Rxd7 Rxd7 67. e5 Re7 $18) 66... Kh7 67. Rxd7 Rxd7 {[%emt 0:00:05] [#] KRB-KRN} 68. e6 $1 fxe6 69. Rf8 Kxh6 70. Rh8+ Rh7 {[%emt 0:00:04] [#]} 71. Bd2+ $2 (71. Rxh7+ $1 $18 Kxh7 72. Be5) 71... Kg7 $11 72. Bc3+ $2 ({Better is} 72. Rxh7+ $11 Kxh7 73. Kg5) 72... Kh6 {[%emt 0:00:03] Weighted Error Value: White=0.14 (very precise) /Black=0.15 (very precise)} 1/2-1/2

[Event "61st Mongolian-ch Open 2023"]
[Site "Khovd"]
[Date "2023.05.26"]
[Round "7.4"]
[White "Munkhzul, Turmunkh"]
[Black "Munguntuul, Batkhuyag"]
[Result "1/2-1/2"]
[ECO "B13"]
[WhiteElo "2318"]
[BlackElo "2408"]
[Annotator "TA"]
[PlyCount "80"]
[EventDate "2023.05.22"]
[EventType "tourn"]
[EventCountry "MGL"]
[SourceTitle "playchess.com"]
[Source "ChessBase"]
[SourceQuality "1"]
[TimeControl "40/5400+30:1800+30"]

1. d4 d5 2. Bf4 c5 3. e3 Nc6 4. c3 cxd4 5. exd4 Nf6 6. Bd3 Bg4 7. Qb3 e5 {[%emt 0:06:43] B13: Caro-Kann: Exchange Variation and Panov-Botvinnik Attack.} 8. dxe5 (8. h3 $5) 8... Nh5 9. Be3 Nxe5 10. Bb5+ Nc6 11. Be2 Bxe2 12. Nxe2 Qd7 13. O-O {[%emt 0:02:06] [#]} Be7 $146 ({Predecessor:} 13... Na5 14. Qc2 Bd6 15. Bd4 O-O 16. Nd2 Rfe8 17. Nf3 h6 18. Ng3 Nf4 19. Rfe1 Nc6 {½-½ Asgharpourmasoleh,T (1855)-Mobarhani,N (1852) IRI-ch (Women) 2017 (6)}) 14. Rd1 Rd8 15. Nd2 O-O 16. Nf3 h6 17. Ned4 Na5 18. Qc2 (18. Qb5 $5 Nc4 19. Qxd7 Rxd7 20. Nf5 Nxe3 21. Nxe3 $11 (21. fxe3 Re8 $11)) 18... Nc4 {[%emt 0:00:06] The position is equal.} 19. Nf5 {[%emt 0:01:40][%cal Od1d5] [#] Hoping for Rxd5!} Rfe8 20. Bd4 {[%emt 0:02:46][%cal Od4g7] Bxg7! would be deadly.} ({Reject} 20. Bxa7 b6 21. Re1 Bc5 $17) 20... Bf6 21. Ng3 (21. Bxa7 $2 {perishes.} b6 22. N3d4 Ra8 23. Bxb6 Nxb6 $17) 21... Nxg3 (21... Bxd4 {simplifies} 22. Nxd4 Nxg3 23. hxg3 Qc7) 22. hxg3 {[%emt 0:00:13] Black must now prevent Bxf6.} Qc6 23. Re1 a6 24. Rad1 Re4 25. Bxf6 Rxe1+ 26. Rxe1 Qxf6 27. Nd4 g6 28. Re2 Kg7 29. Qd1 Rd7 30. Nf3 Rd6 31. b3 Na5 32. Rd2 Qxc3 33. Rxd5 Rxd5 34. Qxd5 $11 {[%emt 0:00:05][%mdl 4096] Endgame KQN-KQN} Nc6 35. Qd7 Qa1+ 36. Kh2 Ne5 37. Nxe5 (37. Qxb7 {is a self mate.} Ng4+ 38. Kh3 Nxf2+ 39. Kh4 Qh1+) 37... Qxe5 38. Qxb7 Qh5+ 39. Kg1 Qd1+ 40. Kh2 Qh5+ {[%emt 0:00:00] Weighted Error Value: White=0.04 (flawless) /Black=0.02 (flawless)} 1/2-1/2

[Event "61st Mongolian-ch Open 2023"]
[Site "Khovd"]
[Date "2023.05.26"]
[Round "7.5"]
[White "Munkhgal, Gombosuren"]
[Black "Erdene, Ganzorig"]
[Result "1-0"]
[ECO "A62"]
[WhiteElo "2463"]
[BlackElo "2278"]
[Annotator "TA"]
[PlyCount "81"]
[EventDate "2023.05.22"]
[EventType "tourn"]
[EventCountry "MGL"]
[SourceTitle "playchess.com"]
[Source "ChessBase"]
[SourceQuality "1"]
[TimeControl "40/5400+30:1800+30"]

1. d4 Nf6 2. c4 g6 3. g3 Bg7 4. Bg2 c5 5. d5 d6 6. Nc3 O-O 7. Nf3 e6 8. O-O exd5 9. cxd5 a6 10. a4 Re8 11. Bf4 {[%emt 0:00:59] Recently 11.Re1 got a lot of attention.} Nh5 12. Bg5 {[%emt 0:00:14] A62: Modern Benoni: Fianchetto Variation without early ...Nbd7.} Bf6 (12... Qc7 $11) 13. Bxf6 $14 Qxf6 (13... Nxf6 $142 14. Nd2 Nbd7) 14. Nd2 $1 $16 {[%emt 0:00:21] [#] White is clearly better.} Qe7 $146 ({Predecessor:} 14... Nd7 15. Nc4 Qe7 16. Ne4 Ne5 17. Ncxd6 Rd8 18. Nxc8 Raxc8 19. a5 f5 20. d6 Qe6 {1-0 Ksieski,Z (2385)-Hodova,L (2072) Bad Koenigshofen 1st 2003 (8)}) 15. Nc4 Rd8 (15... Nd7 $142 16. Ne4 Ne5 17. Ncxd6 Rd8) 16. Nb6 Ra7 17. a5 $36 {[%emt 0:00:06][%mdl 2048] Black is under strong pressure.} Nd7 (17... Nf6 {is a better defense.} 18. Nc4 Bd7) 18. Nca4 Nxb6 19. Nxb6 Nf6 {[%emt 0:00:14] [#]} 20. b4 $1 Nd7 21. bxc5 Nxc5 22. e4 Bd7 (22... Nd7 {keeps fighting.} 23. Qd4 Nxb6 {[%mdl 64] Remove Defender} 24. Qxb6 (24. axb6 Ra8 $16) 24... Ra8) 23. Re1 $18 Bb5 24. Re3 Nd7 25. Qd4 Nxb6 26. Qxb6 ({Better is} 26. axb6 $18 Raa8 27. Rc3) 26... Raa8 $16 27. Rc1 Rac8 {[%emt 0:02:13] Inhibits Rc7.} 28. Rec3 Rxc3 29. Rxc3 Kg7 30. h4 Qf6 31. Rf3 Qe7 32. Rc3 {[%emt 0:03:04] Prevents Rc8} Qf6 33. Rc7 Rb8 34. Kh2 ({But not} 34. Rxb7 $6 Rxb7 35. Qxb7 Qa1+ 36. Kh2 Qxa5 $11) 34... h6 35. Qe3 {[%emt 0:01:57] White is much more active.} ({Of course not} 35. Rxb7 $6 Rxb7 36. Qxb7 Qxf2 $11) 35... g5 36. h5 Qd8 $2 {[%emt 0:00:51] [#] This costs Black the game.} (36... g4 $16) 37. Qc3+ $1 $18 Kg8 38. e5 {[%emt 0:03:37] e6 is the strong threat.} dxe5 (38... Bc6) 39. Qxe5 {[%emt 0:00:31] Be4 would be deadly.} b6 40. d6 (40. Be4 $142 {[%cal Oe4h7] Threatening mate with Bh7+!} Be8 41. d6) 40... bxa5 {[%emt 0:00:00] [#]} (40... Bd7 $18 41. Bd5 b5 42. Bxf7+ {[%mdl 64] Decoy} Kxf7 43. Qf5+ Ke8 44. Qg6+ Kf8 45. Qxh6+ Kg8) 41. Rxf7 $3 {[%emt 1:12:57][%mdl 576] Decoy.   Weighted Error Value: White=0.31/Black=0.51} 1-0

[Event "61st Mongolian-ch Open 2023"]
[Site "Khovd"]
[Date "2023.05.26"]
[Round "7.6"]
[White "Chinguun, Sumiya"]
[Black "Bilguun, Sumiya"]
[Result "0-1"]
[ECO "B25"]
[WhiteElo "2298"]
[BlackElo "2474"]
[Annotator "TA"]
[PlyCount "60"]
[EventDate "2023.05.22"]
[EventType "tourn"]
[EventCountry "MGL"]
[SourceTitle "playchess.com"]
[Source "ChessBase"]
[SourceQuality "1"]
[TimeControl "40/5400+30:1800+30"]

1. e4 c5 2. Nc3 Nc6 3. Nf3 e5 4. d3 d6 5. g3 g6 6. Bg2 Bg7 7. O-O Nge7 8. Nh4 O-O {[%emt 0:15:14] B25: Closed Sicilian: 3 g3, lines without early Be3.} 9. Kh1 {[%emt 0:10:50] [#]} (9. f4 $11 {feels stronger.}) 9... Rb8 $146 ({Predecessor:} 9... Nd4 10. Bg5 f6 11. Be3 Rb8 12. f4 b5 13. fxe5 dxe5 14. Nd5 Nxd5 15. exd5 Qd6 {1-0 Kondratenko,A (2182)-Bronnikov,K (2325) Sukhumi op 2008 (8)}) 10. Be3 Nd4 {[%emt 0:13:52] Black is slightly better.} 11. a4 Be6 12. f4 exf4 13. Bxf4 Nec6 {[%emt 0:11:02] White must now prevent ...g5.} 14. Qd2 {[%emt 0:02:40] [#]} (14. Nf3 $11) 14... Ne5 (14... Nb4 $1 $17 15. Rac1 Nbxc2 16. Rxc2 Nxc2 17. Qxc2 g5 18. Bxg5 Qxg5) 15. Nb5 Ndc6 (15... Nxb5 {simplifies} 16. axb5 Qb6 17. Ra5 Bd7) 16. Bh6 (16. Nc3 {simplifies} Qd7 17. Nf3 c4 18. Bh6) 16... a6 17. Nc3 Bxh6 18. Qxh6 Nd4 {[%emt 0:00:54] Repels Nf5} 19. Qd2 b5 20. axb5 axb5 21. Nd1 (21. Ne2 $11) 21... b4 $17 {[%emt 0:01:02] Black is more active.} 22. Ne3 (22. Ra6 $142) 22... Qg5 23. Qf2 {[%emt 0:01:24] [#]} (23. Rf2 $17) 23... b3 $1 $19 {[%emt 0:02:10] And now ...bxc2 would win.} 24. Qf4 (24. c3 {was the only defense.} Nxd3 25. Qd2) 24... h6 25. c3 (25. Nf3 $142 Nexf3 26. c3) 25... Nc2 {[%emt 0:00:32] Black is clearly winning.} (25... Nxd3 $2 {perishes.} 26. Qxg5 hxg5 27. cxd4 cxd4 28. Rad1 dxe3 29. Rxd3 $19) 26. Nxc2 bxc2 27. d4 cxd4 28. cxd4 Nd3 29. Qxd6 Rbc8 30. Qa3 Qe3 {[%emt 0:01:16] Weighted Error Value: White=0.71/Black=0.10 (very precise)} ({Inferior is} 30... c1=B 31. Qxd3 Bc4 32. Qd1 Bxf1 33. Bxf1 $19) 0-1

[Event "61st Mongolian-ch Open 2023"]
[Site "Khovd"]
[Date "2023.05.27"]
[Round "8.1"]
[White "Enkhnar, Enkhbaatar"]
[Black "Amilal Munkhdalai"]
[Result "0-1"]
[ECO "A18"]
[WhiteElo "2360"]
[BlackElo "2141"]
[Annotator "TA"]
[PlyCount "52"]
[EventDate "2023.05.22"]
[EventType "tourn"]
[EventCountry "MGL"]
[SourceTitle "playchess.com"]
[Source "ChessBase"]
[SourceQuality "1"]
[TimeControl "40/5400+30:1800+30"]

1. c4 Nf6 2. Nc3 e6 3. e4 d5 4. e5 d4 5. exf6 dxc3 6. bxc3 Qxf6 7. Nf3 c5 $1 {[%emt 0:05:04][%mdl 4] 7...c5 is the modern continuation.} 8. Bd3 {[%emt 0:00:17] A18: English Opening: Flohr-Mikenas System (1 c4 Nf6 2 Nc3 e6 3 e4).} Bd6 9. Rb1 Nc6 10. Be4 {[%emt 0:00:40] The position is equal.} e5 11. Qa4 (11. d3 $5 ) 11... O-O 12. O-O {[%emt 0:00:54] [#]} Bf5 $146 ({Predecessor:} 12... Kh8 13. Re1 Rb8 14. d4 h6 15. d5 Nd8 16. Qxa7 Qe7 17. Bc2 Qc7 18. Qb6 Re8 19. Ba4 Re7 20. Bc2 Qxb6 21. Rxb6 Bc7 22. d6 {1-0 Sipos,I (2493)-Nikic,P (1967) Split op 5th 2015 (1)}) 13. Bxf5 Qxf5 14. Rxb7 Rac8 (14... Qc8 $5 15. Rb1 e4 $11) 15. d3 Qxd3 16. Rd1 Qg6 17. Rd7 Bb8 18. Be3 ({White should play} 18. R7d5 $15) 18... e4 $17 19. Ne1 Ne5 {[%emt 0:08:36] [#] Hoping for ...Ng4.} 20. R7d5 Ng4 ({Don't play} 20... Nf3+ 21. Nxf3 (21. Kh1 Nxh2 22. Qd7 f5 $19) 21... exf3 22. g3 $11 (22. Rxc5 $2 Qxg2#)) (20... f5 $17 {aiming for ...Ng4.} 21. Rxc5 Ng4) 21. g3 $1 $15 f5 22. Ng2 Qh5 $36 {[%emt 0:00:15][%mdl 2048] Black is really pushing.} 23. Nh4 $2 {[%emt 0:04:29][%mdl 8192] This move loses the game for White.} (23. Bxc5 $2 {too greedy.} Qxh2+ 24. Kf1 Qh1+ 25. Ke2 Qxg2 $19) (23. h4 $17) 23... g5 $19 24. Nxf5 {[%emt 0:12:55] [#]} (24. Bxg5 $19 Qxg5 25. Qd7) 24... Qxh2+ {[%emt 0:01:32] Black mates.} 25. Kf1 Nxe3+ {[%emt 0:01:05][%mdl 64] Deflection} 26. fxe3 Bxg3 {[%emt 0:00:14] Weighted Error Value: White=0.62/Black=0.08 (flawless)} 0-1